 Dungeon Crawl Stone Soup version 0.28-a0-620-g539b0f7ac7 (webtiles) character file.

Game seed: 7883411470449906370

196 siradein the Ruffian (level 5, 0/49 HPs)
             Began as a Troll Transmuter on Oct 7, 2021.
             Slain by a gnoll (3 damage)
             ... on level 4 of the Dungeon.
             The game lasted 00:03:39 (2073 turns).

siradein the Ruffian (Troll Transmuter)             Turns: 2073, Time: 00:03:40

Health: 0/49       AC:  4    Str: 18    XL:     5   Next: 46%
Magic:  4/6        EV: 10    Int: 10    God:
Gold:   169        SH:  0    Dex: 10    Spells: 4/7 levels left

rFire   . . .      SeeInvis .     - Unarmed
rCold   . . .      Faith    .   (no shield)
rNeg    . . .      Spirit   .   a - +0 robe
rPois   .          Reflect  .   (helmet currently unavailable)
rElec   .          Harm     .   (no cloak)
rCorr   .          Rampage  .   (gloves unavailable)
Will    .....                   (boots unavailable)
Stlth   +.........              (no amulet)
HPRegen 1.16/turn               (no ring)
MPRegen 0.10/turn               (no ring)

@: appendages (expiring), wereblooded
A: horns 2, talons 2, large, unfitting armour, claws 3, regeneration 1, shaggy
fur 1, tough skin 1
a: End Transformation


You were on level 4 of the Dungeon.
You had temporarily grown beastly horns and talons.
You visited 1 branch of the dungeon, and saw 4 of its levels.

You collected 169 gold pieces.

Inventory:

Missiles
 g - 2 javelins
Armour
 a - a +0 robe (worn)
Wands
 j - a wand of mindburst (18)
Scrolls
 b - a scroll of magic mapping {unknown}
 c - a scroll of blinking {unknown}
 e - a scroll of amnesia {unknown}
 h - a scroll of immolation {unknown}
 k - a scroll of fog {unknown}
 m - a scroll of silence {unknown}
 n - 2 scrolls of identify {unknown}
 o - a scroll of vulnerability {unknown}
Potions
 d - 2 potions of berserk rage {unknown}
 f - 2 potions of might {unknown}
 i - a potion of degeneration {unknown}
 l - a potion of brilliance {unknown}
 p - a potion of cancellation {unknown}


   Skills:
 + Level 2.0 Fighting
 + Level 2.4 Dodging
 + Level 3.8 Unarmed Combat
 + Level 1.9 Spellcasting
 + Level 2.2 Transmutations


You had 4 spell levels left.
You knew the following spells:

 Your Spells              Type           Power      Damage    Failure   Level
a - Beastly Appendage     Tmut           10%        N/A       12%         1
b - Wereblood             Tmut           5%         N/A       19%         2

Your spell library contained the following spells:

 Spells                   Type           Power      Damage    Failure   Level
 Spider Form              Tmut/Pois      1%         N/A       52%         3
 Summon Guardian Golem    Hex/Summ       0%         N/A       67%         3
 Ice Form                 Ice/Tmut       3%         N/A       89%         4
 Orb of Destruction       Conj           0%         N/A       100%        7
 Spellforged Servitor     Conj/Summ      0%         N/A       100%        7


Dungeon Overview and Level Annotations

Branches:
Dungeon (4/15)
 Temple: D:4-7

Altars:


Innate Abilities, Weirdness & Mutations

You have temporarily grown beastly horns and talons.
You are too large for most types of armour.
You have claws for hands.
Your natural rate of healing is unusually fast.
You are covered in fur. (AC +1)
You have tough skin. (AC +1)


Message History

The gnoll hits you but does no damage.
A gnoll comes into view. It is wielding a +0 club.
You scratch the gnoll shaman. Your headbutt misses the gnoll shaman.
The gnoll shaman is severely wounded.
The gnoll hits you with a +0 whip.
The gnoll shaman hits you with a +0 whip.
You are too injured to fight recklessly!
You are too injured to fight recklessly!
You are too injured to fight recklessly!
You are too injured to fight recklessly!
You closely miss the gnoll shaman. You claw the gnoll shaman.
The gnoll shaman is almost dead.
The gnoll closely misses you.
The gnoll hits you from afar with a +0 spear.
The gnoll shaman calls down the wrath of its god upon you.
You resist with some effort.
You scratch the gnoll shaman.
You feel a bit better.
You kill the gnoll shaman!
A hound comes into view.
The gnoll closely misses you.
The gnoll hits you from afar with a +0 spear.
The gnoll hits you but does no damage.
Your Fighting skill increases to level 2!
The hound barks!
You scratch the gnoll.
The gnoll is moderately wounded.
You howl as the wereblood boils in your veins!
The gnoll hits you with a +0 whip.
* * * LOW HITPOINT WARNING * * *
The gnoll barely misses you.
A gnoll comes into view. It is wielding a +0 whip.
You scratch the gnoll.
The gnoll is severely wounded.
The gnoll hits you with a +0 club.
* * * LOW HITPOINT WARNING * * *
The gnoll hits you with a +0 whip!
* * * LOW HITPOINT WARNING * * *
The gnoll barely misses you. The gnoll hits you with a +0 whip.
You die...

#............. ....##
..........?...##
.....##
...###.......... .. ...
#...##...#...... .#..#
........##......##.#..#
###..........#..g.....#
## ....# #..hg.....#
.##...## .##...gg...##
....#..##......#@.#.##
............###...###
................>##
..............#...###
...#........####....###
.#.#..................#
####.....#..........###
.....#..##..........###
......................#


You could see a hound and 4 gnolls.

Vanquished Creatures
  A bullfrog skeleton (D:3)
  A gnoll shaman (D:4)
  An orc priest (D:3)
  Terence (D:2)
  An orc wizard (D:3)
  8 orcs
  3 endoplasms
  5 goblins
  3 hobgoblins
  8 jackals
  3 kobolds (D:1)
  2 quokkas
  6 ball pythons
  3 bats
  2 frilled lizards
  5 rats (D:1)
53 creatures vanquished.

Notes
Turn   | Place    | Note
-------+----------+-------------------------------------------
     0 | D:1      | siradein the Troll Transmuter began the quest for the Orb.
     0 | D:1      | Reached XP level 1. HP: 18/18 MP: 1/1
    78 | D:1      | Reached skill level 1 in Fighting
   106 | D:1      | Reached XP level 2. HP: 25/27 MP: 3/3
   632 | D:2      | Learned a level 2 spell: Wereblood
   666 | D:2      | Noticed Terence
   675 | D:2      | Killed Terence
   676 | D:2      | Reached XP level 3. HP: 27/33 MP: 2/4
  1078 | D:2      | Found a faded altar of an unknown god.
  1282 | D:3      | Reached XP level 4. HP: 39/41 MP: 3/5
  1447 | D:3      | Reached XP level 5. HP: 39/49 MP: 4/6
  2071 | D:4      | HP: 1/49 [gnoll (8)]
  2073 | D:4      | Slain by a gnoll

Illustrated notes

Levels and vault maps discovered:
D:1:      lordsloth_arrival_two_stooges, layout_basic
D:2:      layout_rooms, dreamdust_ecumenical_altar_hidden_monk_grotto,
          uniq_terence
D:3:      layout_basic
D:4:      layout_cave_pools, minitemple, serial_shops, nicolae_lakefront_shop,
          kennysheep_generic_room_16

Skill      XL: |  1  2  3  4  5 |
---------------+----------------+-----
Fighting       | 1 2 |  2.0
Dodging        | 2 |  2.4
Transmutations | 2 |  2.2
Unarmed Combat | |  3.8
Spellcasting   | |  1.9

Action                   |  1- 3 |  4- 6 || total
-------------------------+-------+-------++-------
Melee: Unarmed           |    84 |    31 ||   115
       Kick              |     2 |     5 ||     7
       Bite              |     1 |       ||     1
       Headbutt          |     1 |     3 ||     4
 Cast: Beastly Appendage |     2 |     3 ||     5
       Wereblood         |       |     1 ||     1
 Stab: Distracted        |     1 |       ||     1
       Sleeping          |       |     1 ||     1
Armor: Robe              |    32 |     5 ||    37
Dodge: Dodged            |    31 |     8 ||    39

Table legend: (Time is in decaauts)
 A = Elapsed time spent in this place.
 B = Non-inter-level travel time spent in this place.
 C = Inter-level travel time spent in this place.
 D = Time resting spent in this place.
 E = Time spent auto-exploring this place.
 F = Levels seen in this place.
 G = Mean time per level.
                   A        B        C        D        E       F      G
               +--------+--------+--------+--------+--------+-----+--------+
         Total |   2064 |   2002 |     62 |      8 |   1681 |   4 |  516.0 |
       Dungeon |   2064 |   2002 |     62 |      8 |   1681 |   4 |  516.0 |
               +--------+--------+--------+--------+--------+-----+--------+

Top non-repeatable levels by time:
     D:3: 714 daAuts
     D:1: 596 daAuts
     D:2: 587 daAuts
     D:4: 166 daAuts
